 Dungeon Crawl Stone Soup version 0.26-a0-651-gb41185065b (webtiles) character file.

Game seed: 6176377726891709659

(classic levelgen) 1932 EnegeticOcto the Cleaver (level 8, 0/75 HPs)
             Began as a Deep Dwarf Fighter on Sept 30, 2020.
             Killed from afar by an electric eel (5 damage)
             ... with a bolt of electricity
             ... on level 7 of the Dungeon.
             The game lasted 00:02:09 (2733 turns).

EnegeticOcto the Cleaver (Deep Dwarf Fighter)       Turns: 2733, Time: 00:02:10

Health: 0/75       AC: 14    Str: 21    XL:     8   Next: 97%
Magic:  3/3        EV:  4    Int: 10    God:
Gold:   325        SH: 10    Dex: 12    Spells: 7/7 levels left

rFire    . . .     SeeInvis .   a - +0 war axe
rCold    . . .     Faith    .   c - +0 kite shield
rNeg     . . .     Spirit   .   u - +0 plate armour
rPois    .         Reflect  .   (no helmet)
rElec    .         Harm     .   (no cloak)
rCorr    .         Rampage  .   w - +0 pair of gloves
MR       +....                  (no boots)
Stlth    ..........             n - amulet of the acrobat
HPRegen  0.00/turn              (no ring)
MPRegen  0.08/turn              (no ring)

@: non-regenerating, very slow
A: damage resistance, heal wounds, sense surroundings 1, no regeneration
a: Heal Wounds


You were on level 7 of the Dungeon.
You visited 1 branch of the dungeon, and saw 7 of its levels.

You collected 325 gold pieces.

Inventory:

Hand Weapons
 a - a +0 war axe (weapon)
Missiles
 x - 3 throwing nets (quivered)
Armour
 b - a +0 scale mail
 c - a +0 kite shield (worn)
 u - a +0 plate armour (worn)
 w - a +0 pair of gloves (worn)
Jewellery
 n - an amulet of the acrobat (around neck)
Wands
 m - a wand of iceblast (11) {@v2}
 q - a wand of enslavement (8)
 y - a wand of polymorph (4)
Scrolls
 e - a scroll of magic mapping {unknown}
 f - 3 scrolls of identify {unknown}
 g - 4 scrolls of teleportation {unknown}
 h - 2 scrolls of blinking {unknown}
 j - a scroll of random uselessness {unknown}
 o - 2 scrolls of remove curse {@r2}
 p - 2 scrolls of immolation {@r4}
 r - a scroll of enchant armour {unknown}
 s - a scroll of enchant weapon {unknown}
 z - a scroll of amnesia {unknown}
Potions
 d - 2 potions of might {@q3}
 i - 3 potions of haste {unknown}
 k - a potion of brilliance {unknown}
 l - 4 potions of curing {unknown}
 t - 3 potions of heal wounds {unknown}
 v - a potion of stabbing {unknown}


   Skills:
 + Level 5.4 Fighting
 * Level 8.3 Axes
 + Level 6.6 Armour
 + Level 6.5 Shields


You had 7 spell levels left.
You didn't know any spells.
Your spell library was empty.

Dungeon Overview and Level Annotations

Branches:
Dungeon (7/15)
 Temple: D:4-7

Altars:
Elyvilon
Ru
Sif Muna
Vehumet

Shops:
D:5 ?


Innate Abilities, Weirdness & Mutations

You are resistant to damage.
You can heal yourself by infusing magical energy.
You passively map a small area around you.
You do not regenerate.


Message History

You kill the adder!
No target in view!
No target in view!
No target in view!
No target in view!
No target in view!
No target in view!
No target in view!
No target in view!
You now have 325 gold pieces (gained 10).
An electric eel comes into view.
Found a club.
An electric eel is nearby!
An electric eel is nearby!
An electric eel is nearby!
No reachable target in view!
No reachable target in view!
No reachable target in view!
No reachable target in view!
No reachable target in view!
No reachable target in view!
No reachable target in view!
No reachable target in view!
No reachable target in view!
No reachable target in view!
No reachable target in view!
No reachable target in view!
No reachable target in view!
No reachable target in view!
No reachable target in view!
No reachable target in view!
No reachable target in view!
Your magical essence is drained by the effort!
You feel much better.
A quokka comes into view.
The electric eel shoots out a bolt of lightning at you!
The bolt of electricity hits the plant!
The plant begins to die.
The bolt of electricity hits you.
An electric eel comes into view. x2
The electric eel shoots out a bolt of lightning at you!
The bolt of electricity hits the plant!
The bolt of electricity hits you! You block the quokka's attack.
The electric eel shoots out a bolt of lightning at you!
The bolt of electricity misses you.
The bolt of electricity hits the quokka!
The quokka dies!
The bolt of electricity hits you!
The electric eel shoots out a bolt of lightning at you!
The bolt of electricity hits you.
The electric eel shoots out a bolt of lightning at you!
The bolt of electricity hits you!
You enter the shallow water.
Moving in this stuff is going to be slow.
A nearby plant withers and dies.
The electric eel shoots out a bolt of lightning at you!
The bolt of electricity hits you but does no damage.
An orc comes into view. It is wielding a +0 club.
The electric eel shoots out a bolt of lightning at you!
The bolt of electricity hits you!
The electric eel shoots out a bolt of lightning at you!
The bolt of electricity hits you.
The bolt of electricity hits the plant!
The plant begins to die.
The electric eel shoots out a bolt of lightning at you!
The bolt of electricity hits you! The bolt of electricity hits you.
You are too injured to fight recklessly!
You are too injured to fight recklessly!
You are too injured to fight recklessly!
The electric eel shoots out a bolt of lightning at you!
The bolt of electricity hits you!
* * * LOW HITPOINT WARNING * * *
The orc hits the plant with a +0 club.
The plant begins to die.
The electric eel shoots out a bolt of lightning at you!
The bolt of electricity hits you.
Your unstable footing causes you to fumble your attack.
The orc hits the plant but does no damage.
The electric eel shoots out a bolt of lightning at you!
The bolt of electricity hits you!
* * * LOW HITPOINT WARNING * * *
The electric eel shoots out a bolt of lightning at you!
The bolt of electricity hits you.
* * * LOW HITPOINT WARNING * * *
You completely miss the electric eel. You closely miss the electric eel.
You slash the electric eel!
A nearby plant withers and dies.
The electric eel shoots out a bolt of lightning at you!
The bolt of electricity hits you.
* * * LOW HITPOINT WARNING * * *
The electric eel shoots out a bolt of lightning at you!
The bolt of electricity hits you.
* * * LOW HITPOINT WARNING * * *
The orc hits the plant with a +0 club.
Your unstable footing causes you to fumble your attack.
The electric eel shoots out a bolt of lightning at you!
The bolt of electricity hits you.
* * * LOW HITPOINT WARNING * * *
The orc hits the plant with a +0 club.
You closely miss the electric eel. You barely miss the electric eel.
You miss the electric eel.
The electric eel shoots out a bolt of lightning at you!
The bolt of electricity hits you!
You die...

, ≈≈≈≈≈.....# ≈≈≈P≈≈....##
≈≈≈≈≈≈≈≈....####
.≈≈≈≈≈≈P≈.≈..... , * , *
.≈.≈≈≈≈≈Po...≈.. , , ,
...≈≈≈≈≈≈≈≈≈≈..P .... ,
#.≈.PP≈≈;≈≈≈≈≈P≈ ..P.. ,
......≈;@≈≈≈≈≈≈≈ .≈≈≈≈≈ ,
......≈.≈;≈≈≈≈≈≈ ≈≈≈≈≈≈≈ , *
........≈≈≈≈≈P≈≈ ≈ ≈PP≈≈≈ ,
..........≈.≈≈≈≈ P≈..P≈
*............)P.. ...≈≈≈ ..
######....##.... ...... ,... ,
#..>..#.... ......#. .... *
#...................
....#########...................


You could see 3 electric eels and an orc.

Vanquished Creatures
  A water moccasin (D:5)
  A sky beast (D:5)
  An ice beast (D:5)
  3 orc warriors
  A phantom (D:4)
  2 centaurs
  Blork the orc (D:6)
  A big kobold (D:7)
  A bullfrog (D:6)
  A centaur zombie (D:6)
  3 hounds
  A bullfrog skeleton (D:5)
  A jelly (D:6)
  A quasit (D:6)
  4 orc priests
  A centaur skeleton (D:6)
  2 worker ants
  3 iguanas
  7 orc wizards
  2 hound skeletons
  A worker ant zombie (D:6)
  5 gnolls (D:6)
  4 adders
  A shadow imp (D:5)
  3 white imps
  2 adder skeletons
  A worm (D:2)
  A leopard gecko (D:6)
  20 orcs
  3 giant cockroaches
  5 goblins
  7 hobgoblins
  14 jackals
  4 kobolds
  4 quokkas
  A frilled lizard (D:2)
  A jackal skeleton (D:5)
  2 rats (D:2)
117 creatures vanquished.

Vanquished Creatures (others)
  A quokka (D:7)
  2 plants (D:7)
3 creatures vanquished.

Grand Total: 120 creatures vanquished

Notes
Turn   | Place    | Note
-------+----------+-------------------------------------------
     0 | D:1      | EnegeticOcto the Deep Dwarf Fighter began the quest for the
                  | Orb.
     0 | D:1      | Reached XP level 1. HP: 20/20 MP: 1/1
   133 | D:2      | Reached XP level 2. HP: 24/27 MP: 2/2
   411 | D:2      | Reached skill level 3 in Axes
   449 | D:3      | Reached XP level 3. HP: 30/33 MP: 3/3
   557 | D:4      | Noticed a phantom
   567 | D:4      | Reached XP level 4. HP: 38/42 MP: 4/4
   676 | D:4      | Killed a phantom
   676 | D:4      | Reached skill level 4 in Axes
   676 | D:4      | Reached XP level 5. HP: 31/49 MP: 5/5
   783 | D:4      | Found a sacrificial altar of Ru.
   789 | D:4      | Found a white marble altar of Elyvilon.
  1038 | D:5      | Entered Level 5 of the Dungeon
  1091 | D:5      | Noticed a centaur
  1098 | D:5      | Killed a centaur
  1098 | D:5      | Reached XP level 6. HP: 44/57 MP: 6/6
  1141 | D:5      | Noticed a water moccasin
  1148 | D:5      | Killed a water moccasin
  1148 | D:5      | Reached skill level 5 in Axes
  1220 | D:5      | Noticed a sky beast
  1234 | D:5      | Killed a sky beast
  1234 | D:5      | Reached XP level 7. HP: 39/64 MP: 6/6
  1291 | D:5      | Reached skill level 5 in Armour
  1302 | D:5      | Found Plog's Magic Scroll Boutique.
  1372 | D:5      | Reached skill level 5 in Shields
  1530 | D:5      | Reached skill level 6 in Axes
  1829 | D:6      | Reached XP level 8. HP: 57/73 MP: 6/6
  1852 | D:6      | Reached skill level 7 in Axes
  1941 | D:6      | Noticed Blork the orc
  1966 | D:6      | Killed Blork the orc
  1966 | D:6      | Reached skill level 5 in Fighting
  2427 | D:7      | Reached skill level 8 in Axes
  2625 | D:7      | Found a shimmering blue altar of Sif Muna.
  2625 | D:7      | Found a radiant altar of Vehumet.
  2733 | D:7      | Killed from afar by an electric eel

Illustrated notes

Levels and vault maps discovered:
D:1:      dpeg_arrival_round_b, layout_basic
D:2:      layout_basic, chequers_ecumenical_altar_simple_redux
D:3:      minmay_bubble_buster, layout_basic, lemuel_old_faithful
D:4:      layout_cave_pools, nicolae_ru_path_of_blood, lemuel_crystal_altar
D:5:      layout_basic, serial_shops, shop, minmay_starry_boxes
D:6:      layout_loops_ring, sigmund_army, uniq_blork_the_orc
D:7:      layout_rooms, gammafunk_temple_overflow_wave,
          minmay_temple_entry_enclosed_plants, chequers_big_river,
          kennysheep_generic_room_16

Skill      XL: |  1  2  3  4  5  6  7  8 |
---------------+-------------------------+-----
Axes           | 3 4 5 6 8 |  8.3
Fighting       | 3 4 5 |  5.4
Armour         | 4 5 6 |  6.6
Shields        | 4 5 6 |  6.5

Action                   |  1- 3 |  4- 6 |  7- 9 || total
-------------------------+-------+-------+-------++-------
Melee: War axe           |   112 |    88 |   312 ||   512
 Abil: Heal Wounds       |     2 |     4 |    19 ||    25
  Use: Scroll            |       |       |     2 ||     2
Armor: Scale mail        |    48 |    33 |     7 ||    88
       Plate armour      |       |       |   214 ||   214
Dodge: Dodged            |    29 |    21 |    72 ||   122
Block: Kite shield       |    63 |    33 |   209 ||   305

Table legend: (Time is in decaauts)
 A = Elapsed time spent in this place.
 B = Non-inter-level travel time spent in this place.
 C = Inter-level travel time spent in this place.
 D = Time resting spent in this place.
 E = Time spent auto-exploring this place.
 F = Levels seen in this place.
 G = Mean time per level.
                   A        B        C        D        E       F      G
               +--------+--------+--------+--------+--------+-----+--------+
         Total |   2880 |   2762 |    118 |      0 |   1752 |   7 |  411.4 |
       Dungeon |   2880 |   2762 |    118 |      0 |   1752 |   7 |  411.4 |
               +--------+--------+--------+--------+--------+-----+--------+

Top non-repeatable levels by time:
     D:6: 739 daAuts
     D:5: 659 daAuts
     D:4: 522 daAuts
     D:7: 371 daAuts
     D:2: 347 daAuts
     D:3: 134 daAuts
     D:1: 105 daAuts
